 Dungeon Crawl Stone Soup version 0.30-a0-930-gb9d0489357 (webtiles) character file.

Game seed: 11372459363257815228

405 jasper the Caller (level 6, -3/41 HPs)
             Began as a Demonspawn Summoner on Mar 23, 2023.
             Slain by Crazy Yiuf
             ... wielding a +3 quarterstaff of chaos
              (15 damage)
             ... on level 4 of the Dungeon.
             The game lasted 00:09:18 (3998 turns).

jasper the Caller (Demonspawn Summoner)             Turns: 3998, Time: 00:09:19

Health: -3/41      AC: 11    Str:  8    XL:     6   Next: 56%
Magic:  11/13      EV: 11    Int: 19    God:
Gold:   139        SH:  0    Dex: 13    Spells: 2/15 levels left

rFire   + . .      SeeInvis .    c - +1 rapier
rCold   . . .      Faith    .    (no shield)
rNeg    . . .      Spirit   .    o - +3 leather armour {rF+}
rPois   .          Reflect  .    (no helmet)
rElec   .          Rampage  .    (no cloak)
rCorr   .                        n - +0 pair of gloves {hurl}
Will    .....                    d - +1 pair of boots
Stlth   ++                       (no amulet)
HPRegen 0.26/turn                h - ring of wizardry
MPRegen 0.13/turn                (no ring)

@: mighty
A: yellow scales 1, powered by pain 1
a: no special abilities


You were on level 4 of the Dungeon.
You visited 1 branch of the dungeon, and saw 4 of its levels.

You collected 364 gold pieces.
You spent 225 gold pieces at shops.

Inventory:

Hand Weapons
 c - a +1 rapier (weapon)
Missiles
 l - 5 poisoned darts
Armour
 a - a +0 robe
 d - a +1 pair of boots (worn)
 n - a +0 pair of gloves of hurling (worn)
 o - a +3 leather armour of fire resistance (worn)
Jewellery
 h - a ring of wizardry (left hand)
Scrolls
 g - a scroll of magic mapping {unknown}
 i - 5 scrolls of identify
 p - a scroll of butterflies {unknown}
Potions
 b - a potion of magic
 e - 4 potions of curing
 f - a potion of lignification
 j - a potion of flight
 k - a potion of mutation {unknown}
 m - a potion of might {unknown}


   Skills:
 - Level 1.7 Dodging
 - Level 1.7 Stealth
 - Level 5.0 Spellcasting
 + Level 6.1 Summonings


You had 2 spell levels left.
You knew the following spells:

 Your Spells              Type           Power      Damage    Failure   Level
a - Summon Small Mammal   Summ           100%       N/A       1%          1
b - Call Imp              Summ           28%        N/A       1%          2
c - Call Canine Familiar  Summ           28%        N/A       1%          3
d - Summon Guardian Gole  Hex/Summ       16%        N/A       6%          3
e - Summon Lightning Spi  Summ/Air       16%        N/A       21%         4

Your spell library contained the following spells:

 Spells                   Type           Power      Damage    Failure   Level
 Shock                    Conj/Air       16%        1d4       8%          1
 Lesser Beckoning         Tloc           8%         N/A       11%         2
 Gell's Gravitas          Tloc           4%         N/A       21%         3
 Swiftness                Air            4%         N/A       21%         3
 Teleport Other           Tloc           4%         N/A       21%         3
 Airstrike                Air            2%         2d(1-17)  54%         4


Dungeon Overview and Level Annotations

Branches:
Dungeon (4/15)
 Temple: D:4-7

Altars:
Gozag
Uskayaw

Shops:
D:4 [

Annotations:
D:4 Crazy Yiuf


Innate Abilities, Weirdness & Mutations

You are partially covered in yellow scales. (AC +2)
You sometimes gain a little power by taking damage.


Message History

Crazy Yiuf hits your hound with a +3 quarterstaff of chaos.
Crazy Yiuf drains your hound.
Your hound barely misses Crazy Yiuf.
Crazy Yiuf hits your hound with a +3 quarterstaff of chaos!
Your hound dies!
Your hound's corpse disappears in a puff of smoke!
Casting: Call Canine Familiar (safe; 1% risk of failure)
Press: ? - help, Q - select action, (/) - cycle Dir - look around, f - activate You now have 2/13 mp.
You swap places.
Your hound bites Crazy Yiuf but does no damage.
Crazy Yiuf hits your hound with a +3 quarterstaff of chaos!
Space warps around your hound.
Your hound dies!
Your hound's corpse disappears in a puff of smoke!
Casting: Call Canine Familiar (safe; 1% risk of failure)
Press: ? - help, Q - select action, (/) - cycle Dir - look around, f - activate You now have 0/13 mp.
Crazy Yiuf attacks as you move away! Crazy Yiuf barely misses you.
Crazy Yiuf says, "Line!
Cake infinity light."
Crazy Yiuf attacks as you move away!
Crazy Yiuf hits you with a +3 quarterstaff of chaos!
You focus on the pain.
You feel very mighty all of a sudden. Crazy Yiuf freezes you.
Your hound bites Crazy Yiuf. x2
You take 14 damage, and have 27/41 hp.
MASSIVE DAMAGE!!
You closely miss Crazy Yiuf.
Crazy Yiuf is severely wounded.
Your hound barely misses Crazy Yiuf.
Crazy Yiuf screams, "Powder!"
Crazy Yiuf hits you with a +3 quarterstaff of chaos.
Crazy Yiuf draws strength from your wounds!
You take 5 damage, and have 22/41 hp.
You hit Crazy Yiuf.
Crazy Yiuf is severely wounded.
Your hound closely misses Crazy Yiuf.
Crazy Yiuf hits you with a +3 quarterstaff of chaos!
* * * LOW HITPOINT WARNING * * *
You focus on the pain.
You feel your power returning.
You convulse!
You die...

#########
#######.......#
#######......>#####.#
#.....<......## #.#
#.#####..###.######§#
#.# ##...##.#......#
# #.#
#.@..####.####.####
#########.# #.gh.#
#.# #.....
#.........# ♣....♣
#.####.####
#.######..# ♣..P♣♣
#...##.# # #.# #..##
♣♣.♣♣ #.#.##.#### #.#
#...# ♣.♣♣
###........ #.# ##.##
♣♣.♣ #..#.#### #.#
#.## ♣.♣♣ #..#.# #
##.## #..# ♣♣.♣
###..#.####


You could see Crazy Yiuf (ally target) and a friendly hound (summoned).

Vanquished Creatures
  A hound (D:4)
  An orc priest (D:3)
  3 adders
  An ufetubus (D:4)
  2 dart slugs
  2 orcs (D:3)
  6 bats
  3 endoplasms
  4 giant cockroaches
  5 goblins
  2 hobgoblins
  5 jackals
  3 quokkas
  2 ball pythons (D:2)
  2 frilled lizards (D:1)
  7 kobolds
  5 rats
54 creatures vanquished.

Vanquished Creatures (collateral kills)
  Sigmund (D:4)
  An orc priest (D:3)
  A jelly (D:4)
  An adder (D:2)
  An orc (D:3)
  2 ball pythons
  2 endoplasms
  A giant cockroach (D:3)
  A hobgoblin (D:1)
  6 jackals
  2 bats (D:2)
  2 frilled lizards (D:1)
  A kobold (D:2)
  4 rats
26 creatures vanquished.

Vanquished Creatures (others)
  A fungus (D:4)
1 creature vanquished.

Grand Total: 81 creatures vanquished

Notes
Turn   | Place    | Note
-------+----------+-------------------------------------------
     0 | D:1      | jasper the Demonspawn Summoner began the quest for the Orb.
     0 | D:1      | Reached XP level 1. HP: 13/13 MP: 3/3
   135 | D:1      | Gained mutation: You are partially covered in yellow
                  | scales. (AC +2) [demonic ancestry]
   135 | D:1      | Reached XP level 2. HP: 19/19 MP: 5/5
   148 | D:1      | Learned a level 2 spell: Call Imp
   490 | D:1      | Gained mutation: You sometimes gain a little power by
                  | taking damage. [demonic ancestry]
   490 | D:1      | Reached XP level 3. HP: 18/24 MP: 4/7
   497 | D:1      | Learned a level 3 spell: Call Canine Familiar
   806 | D:2      | You fall into a shaft and drop 1 floor!
   861 | D:3      | Found a hide-covered altar of Uskayaw.
  1766 | D:2      | Reached XP level 4. HP: 25/30 MP: 10/10
  1968 | D:3      | Found an opulent altar of Gozag.
  2046 | D:3      | Reached skill level 5 in Spellcasting
  2046 | D:3      | Reached XP level 5. HP: 35/35 MP: 9/12
  2100 | D:3      | Learned a level 3 spell: Summon Guardian Golem
  2105 | D:3      | Learned a level 4 spell: Summon Lightning Spire
  2628 | D:3      | Found a faded altar of an unknown god.
  2864 | D:4      | Found a runed translucent door.
  2865 | D:4      | Noticed Crazy Yiuf
  3150 | D:4      | Noticed Sigmund
  3192 | D:4      | Killed Sigmund
  3193 | D:4      | Reached skill level 5 in Summonings
  3193 | D:4      | Reached XP level 6. HP: 15/41 MP: 2/13
  3331 | D:4      | Reached skill level 6 in Summonings
  3403 | D:4      | Found a sand-covered staircase.
  3552 | D:4      | Found Roum's Antique Armour Emporium.
  3560 | D:4      | Bought a pair of runed gloves for 135 gold pieces
  3560 | D:4      | Bought a glowing leather armour for 90 gold pieces
  3998 | D:4      | Slain by Crazy Yiuf

Illustrated notes

Levels and vault maps discovered:
D:1:      elethiomel_arrival_maze, layout_rooms
D:2:      layout_rooms, nicolae_hexahallways, kennysheep_donut
D:3:      layout_loops_corners, lemuel_crystal_altar,
          nicolae_elyvilon_peaceful_grove, amcnicky_altar_gilded,
          shapermc_ecumenical_altar_acropolis, minmay_box_of_dots
D:4:      layout_loops_ring, tso_metal_star,
          nicolae_ossuary_entry_false_entrances, serial_shops, shop,
          uniq_sigmund, uniq_crazy_yiuf_cottage

Skill      XL: |  1  2  3  4  5  6 |
---------------+-------------------+-----
Spellcasting   | 3 4 5 |  5.0
Summonings     | 5 6 |  6.1
Dodging        | |  1.7
Stealth        | |  1.7

Action                     |  1- 3 |  4- 6 || total
---------------------------+-------+-------++-------
  Melee: Unarmed           |     9 |       ||     9
         Rapier            |    89 |    76 ||   165
         Punch             |     1 |     2 ||     3
   Cast: Summon Small Mamm |     4 |       ||     4
         Call Imp          |    11 |     2 ||    13
         Call Canine Famil |       |    20 ||    20
         Summon Guardian G |       |     1 ||     1
    Use: Scroll            |       |    11 ||    11
   Stab: Sleeping          |     6 |     1 ||     7
         Distracted        |     1 |     1 ||     2
 Armour: Robe              |    44 |    29 ||    73
         Leather armour    |       |     5 ||     5
  Dodge: Dodged            |    80 |    73 ||   153

Table legend: (Time is in decaauts)
 A = Elapsed time spent in this place.
 B = Non-inter-level travel time spent in this place.
 C = Inter-level travel time spent in this place.
 D = Time resting spent in this place.
 E = Time spent auto-exploring this place.
 F = Levels seen in this place.
 G = Mean time per level.
                   A        B        C        D        E       F      G
               +--------+--------+--------+--------+--------+-----+--------+
         Total |   4031 |   3911 |    120 |     55 |   3150 |   4 | 1007.8 |
       Dungeon |   4031 |   3911 |    120 |     55 |   3150 |   4 | 1007.8 |
               +--------+--------+--------+--------+--------+-----+--------+

Top non-repeatable levels by time:
     D:4: 1155 daAuts
     D:3: 1154 daAuts
     D:2: 935 daAuts
     D:1: 786 daAuts
